 Dungeon Crawl Stone Soup version 0.20.1-1-g8b1a95d (webtiles) character file.

2237 Starchild the Slicer (level 9, -12/47 HPs)
             Began as a Kobold Artificer on July 27, 2017.
             Was a Follower of Yredelemnul.
             Killed themself with a badly aimed iceblast (23 damage)
             ... on level 6 of the Dungeon.
             The game lasted 00:34:48 (7089 turns).

Starchild the Slicer (Kobold Artificer)             Turns: 7089, Time: 00:34:48

Health: -12/47     AC:  8    Str:  9    XL:     9   Next: 63%
Magic:  15/15      EV: 15    Int: 14    God:    Yredelemnul [*.....]
Gold:   241        SH:  0    Dex: 19    Spells: 8/8 levels left

rFire    . . .     SeeInvis .   m - +2 dagger (drain)
rCold    . . .     Gourm    .   (shield restricted)
rNeg     . . .     Faith    .   b - +0 leather armour
rPois    .         Spirit   .   k - +0 helmet
rElec    .         Reflect  .   (no cloak)
rCorr    .         Harm     .   (no gloves)
MR       .....                  (no boots)
Stlth    ++........             (no amulet)
Regen    0.2/turn               n - ring of flight
MPRegen  0.2/turn               v - +3 ring of protection

@: no status effects
A: agile 1, blink, carnivore 3, shaggy fur 1
a: Blink, Animate Remains, Renounce Religion, Evoke Flight


You were on level 6 of the Dungeon.
You worshipped Yredelemnul.
Yredelemnul was aware of your devotion.
You were not hungry.

You visited 2 branches of the dungeon, and saw 7 of its levels.

You collected 241 gold pieces.

Inventory:

Hand Weapons
 m - a +2 dagger of draining (weapon)
Missiles
 h - 47 bolts
 j - 294 stones (quivered)
Armour
 a - a +1 leather armour of cold resistance
 b - a +0 leather armour (worn)
 k - a +0 helmet (worn)
Jewellery
 n - a ring of flight (left hand)
 v - a +3 ring of protection (right hand)
Wands
 c - a wand of flame (0/48)
 d - a wand of enslavement (6/24)
 e - a wand of random effects (2/48)
 z - a wand of iceblast (8/15)
Scrolls
 g - 5 scrolls of amnesia
 l - a scroll of random uselessness {unknown}
 p - 2 scrolls of teleportation {unknown}
 q - a scroll of immolation
 r - 2 scrolls of recharging
 u - a scroll of fear {unknown}
 w - 3 scrolls of blinking
 x - a scroll of magic mapping
 y - 2 scrolls of remove curse {unknown}
Potions
 o - a potion of brilliance
 s - a potion of curing {unknown}
 t - a potion of lignification {unknown}
 A - a potion of cancellation
Books
 i - a book of Battle

   Spells                             Type                      Level
   a - Infusion                       Charms                       1
   b - Shroud of Golubria             Charms/Translocation         2
   c - Song of Slaying                Charms                       2
   d - Spectral Weapon                Hexes/Charms                 3
   e - Regeneration                   Charms/Necromancy            3
Comestibles
 f - 4 meat rations


   Skills:
 - Level 1.1 Fighting
 - Level 10.3 Short Blades
 - Level 2.4 Dodging
 - Level 1.3 Stealth
 + Level 6.5 Invocations
 - Level 9.1 Evocations


You had 8 spell levels left.
You didn't know any spells.

Dungeon Overview and Level Annotations

Branches:
Dungeon (6/15)             Temple (1/1) D:5

Altars:
Ashenzari
Cheibriados
Dithmenos
Elyvilon
Fedhas
Gozag
Hepliaklqana
Kikubaaqudgha
Makhleb
Nemelex Xobeh
Okawaru
Qazlal
Ru
Sif Muna
Trog
Vehumet
Xom
Yredelemnul
Zin
The Shining One


Innate Abilities, Weirdness & Mutations

You are small and have problems with some larger weapons.
You are carnivorous and can eat meat at any time.
You are agile. (Dex +2)
You can translocate small distances at will.
You are covered in fur. (AC +1)


Message History

The orc warrior misses you.
Evoke which item? (* to show all) (? for menu, Esc to quit)
Aiming: Random Effects
Press: ? - help, Shift-Dir - straight line, f/p - orc warrior
Aim: an orc warrior, wielding a long sword and wearing a chain mail (heavily wounded, lightly drained)
The puff of frost hits the orc warrior.
The orc warrior is severely wounded.
This wand has 2 charges left.
The orc warrior hits you with a long sword!
* * * LOW HITPOINT WARNING * * *
Evoke which item? (* to show all) (? for menu, Esc to quit)
Aiming: Random Effects
Press: ? - help, Shift-Dir - straight line, f/p - orc warrior
Aim: an orc warrior, wielding a long sword and wearing a chain mail (severely wounded, lightly drained)
The mass of ice explodes!
The iceblast engulfs the orc warrior.
You kill the orc warrior!
Yredelemnul accepts your kill. The iceblast engulfs you!
You die...
Your body rises from the dead as a mindless zombie.

#.........#
#.........#
#.........#
#.........#
######..###
#.%##..##
#%..##..#
###'##).#
#.#@.##
##...###
###.)...#
#≈'.))).#
###....##
######


There were no monsters in sight!

Vanquished Creatures
  A two-headed ogre (D:4)
  The ghost of SeriousVitamin the Firebug, an amateur DEFE (D:4)
  An orc warrior (D:6)
  An ice beast (D:5)
  4 ogres
  2 centaurs
  Blork the orc (D:5)
  A scorpion (D:5)
  A crimson imp (D:6)
  A bullfrog zombie (D:5)
  An orc priest (D:3)
  2 hounds (D:5)
  An orc wizard (D:4)
  2 iguanas (D:5)
  6 worker ants
  A worker ant zombie (D:5)
  Robin (D:2)
  A howler monkey zombie (D:5)
  9 adders
  6 oozes
  An adder skeleton (D:4)
  10 worms
  A dart slug (D:1)
  2 leopard geckos
  19 orcs
  7 giant cockroaches
  10 goblins
  11 hobgoblins
  6 jackals
  2 quokkas
  2 ball pythons (D:4)
  5 bats
  4 frilled lizards
  A jackal zombie (D:5)
  4 kobolds
  8 rats
137 creatures vanquished.

Vanquished Creatures (collateral kills)
  7 orcs
7 creatures vanquished.

Vanquished Creatures (others)
  An orc priest (D:4)
  An orc (D:4)
2 creatures vanquished.

Grand Total: 146 creatures vanquished

Notes
Turn   | Place    | Note
-------+----------+-------------------------------------------
     0 | D:1      | Starchild the Kobold Artificer began the quest for the Orb.
     0 | D:1      | Reached XP level 1. HP: 12/12 MP: 3/3
   335 | D:1      | Reached XP level 2. HP: 16/16 MP: 5/5
   508 | D:2      | Found a burning altar of Makhleb.
   523 | D:2      | Reached XP level 3. HP: 16/20 MP: 6/6
   623 | D:2      | Reached skill level 5 in Evocations
   679 | D:2      | Found a deep blue altar of Sif Muna.
   727 | D:2      | Reached XP level 4. HP: 22/25 MP: 6/8
   898 | D:2      | Found a faded altar of an unknown god.
   901 | D:2      | Noticed Robin
  1489 | D:2      | Killed Robin
  1878 | D:2      | Reached XP level 5. HP: 23/29 MP: 9/9
  2371 | D:3      | Gained mutation: You can translocate small distances at will. [potion of mutation]
  2371 | D:3      | Gained mutation: You evolve. [potion of mutation]
  2371 | D:3      | Gained mutation: You are agile. (Dex +2) [potion of mutation]
  2644 | D:2      | Reached XP level 6. HP: 29/34 MP: 11/11
  3417 | D:4      | Found an iron altar of Okawaru.
  3601 | D:4      | Noticed SeriousVitamin's ghost (amateur DEFE)
  3742 | D:4      | Killed SeriousVitamin's ghost
  3742 | D:4      | Reached XP level 7. HP: 38/38 MP: 13/13
  3775 | D:4      | Reached skill level 2 in Short Blades
  3827 | D:4      | Reached skill level 3 in Short Blades
  3968 | D:4      | Found a hazy altar of Hepliaklqana.
  4012 | D:4      | Reached skill level 4 in Short Blades
  4268 | D:4      | Noticed a moth of wrath
  4272 | D:4      | Found a bloodstained altar of Trog.
  5021 | D:4      | Noticed a two-headed ogre
  5029 | D:4      | Killed a two-headed ogre
  5029 | D:4      | Reached skill level 9 in Short Blades
  5029 | D:4      | Reached XP level 8. HP: 43/43 MP: 14/14
  5053 | D:5      | Entered Level 5 of the Dungeon
  5062 | D:5      | Found a stormy altar of Qazlal.
  5190 | D:5      | Noticed Blork the orc
  5208 | D:5      | Killed Blork the orc
  5219 | D:5      | Found a staircase to the Ecumenical Temple.
  5247 | Temple   | Entered the Ecumenical Temple
  5536 | Temple   | Became a worshipper of Yredelemnul the Dark
  5564 | Temple   | Gained mutation: You are covered in fur. (AC +1) [evolution]
  5717 | D:5      | Reached skill level 10 in Short Blades
  5717 | D:5      | Reached XP level 9. HP: 36/47 MP: 15/15
  5836 | D:5      | Reached skill level 1 in Invocations
  6199 | D:5      | Reached skill level 5 in Invocations
  6799 | D:6      | Lost mutation: You evolve. [end of evolution]
  7044 | D:6      | Reached * piety under Yredelemnul
  7089 | D:6      | Killed themself with a badly aimed iceblast

Skill      XL: |  1  2  3  4  5  6  7  8  9 |
---------------+----------------------------+-----
Evocations     | 4 5 6 7 9 |  9.1
Short Blades   | 9 10 | 10.3
Invocations    | 6 |  6.5
Fighting       | |  1.1
Dodging        | |  2.4
Stealth        | |  1.3

Action                   |  1- 3 |  4- 6 |  7- 9 || total
-------------------------+-------+-------+-------++-------
Melee: Dagger            |    58 |   232 |   337 ||   627
       Short sword       |     4 |       |       ||     4
Throw: Stone             |       |    12 |    67 ||    79
 Abil: Evoke Flight      |       |     1 |       ||     1
Evoke: Wand              |       |    14 |    23 ||    37
  Use: Scroll            |     3 |       |     5 ||     8
       Potion            |       |     3 |       ||     3
 Stab: Sleeping          |     1 |     3 |     2 ||     6
       Distracted        |     1 |       |       ||     1
       Paralysed         |       |     4 |     2 ||     6
  Eat: Chunk             |       |    12 |    10 ||    22
Armor: Leather armour    |     7 |    40 |    37 ||    84
Dodge: Dodged            |    29 |   166 |   134 ||   329
